Workbook
Name Riders: 'Monthly Report'!$I$28:$T$48

Sheet Monthly Report
I1: Monthly Vanpool/Vanshare Report | S1: =E9 -> September 2026
T2: ="GIN "&E11&"" -> GIN
I4: =VLOOKUP(E9,Admin!$A$1:$C$30,3,FALSE) -> August 2026 Trip Information and Mileage
C6: Revenue Month | J6: Trip Information | M6: Van Mileage
C7: Select current revenue month and enter your group ID, van number, and bookkeeper name. | J7: Enter last month's RTM, days traveled and any itemized miles. | M7: Enter last month's odometer readings for your primary van and any loaner vehicles.
J8: =VLOOKUP(E9,Admin!$A$2:$C$30,2,FALSE) -> August 2026 | M8: Primary Van # | O8: Ending Mileage | Q8: Beginning Mileage | S8: Miles
C9: Select Revenue Month | E9: September 2026 | J9: RTM (Round Trip Miles) | K9: <select> | M9: =E13 -> 0 | S9: =O9-Q9 -> 0
J10: Days Traveled | K10: <select> | M10: Loaner Van # | O10: =IF(AND(ISNUMBER(S9),S9<0),"ERROR Negative Miles. Check Mileage Readings","")
C11: Group ID: | J11: Total Allowed Miles | K11: =IFERROR(K9*K10,0) -> 0 | S11: =(O11-Q11) -> 0
J12: Total Miles Traveled | K12: =S14 -> 0 | S12: =(O12-Q12) -> 0
C13: Van Number: | S13: =O13-Q13 -> 0
Q14: Total Miles: | S14: =SUM(S9,S11,S12,S13) -> 0
C15: Bookkeeper Name: | J15: Itemized Miles | M15: Comment Box | O15: =IF((OR(S11<0,S12<0,S13<0)), "ERROR Negative Miles. Check Mileage Readings.","")
J16: Maintenance Shuttle | K16: 0
C17: Due Date: | E17: =VLOOKUP(E9,Admin!$A$1:$G$30,7,FALSE) -> September 10th, 2026 | J17: Other | K17: 0
J18: Unused/Excess Miles | K18: =K12-K11-K16-K17 -> 0
J19: Miles driven over the allowed limit are charged at 67 cents per mile
B21: =VLOOKUP(E9,Admin!$A$2:$D$30,4,FALSE) -> Revenue and Ridership for September 2026 | T21: ="GIN "&E11&"" -> GIN
C23: =VLOOKUP(E9,Table1[#All],5,FALSE) -> Fixed Rate for September | I23: =VLOOKUP(E9,Admin!$A$1:$J$30,10,FALSE) -> Rider Roster for September
C24: Select the RTM, schedule, and van size for the current month to get your group's Fixed Rate. Notify your Accounting Rep of any updates. | I24: ="Enter current active riders below and indicate their monthly fare and payment type. Fares are paid for the current month." -> Enter current active riders below and indicate their monthly fare and payment type. Fares are paid for the current month.
C25: RTM (Round Trip Miles) | E25: <select> | I25: Rider Information | M25: Enter rider's start or end date | O25: Fare | P25: Payment Type
C26: Work Schedule | E26: <select> | I26: Part- | J26: Rider Name | L26: ORCA Card | M26: New | N26: Leaving | O26: Monthly | P26: ORCA | Q26: Monthly | S26: Online | T26: Personal
C27: Van Size | E27: <select> | I27: Time | J27: (Last Name, First Name) | K27: Employer | L27: Number | M27: Rider | N27: Rider | O27: Fare | P27: Passport / | Q27: Vanpool | R27: Voucher | S27: Payment | T27: Check
C28: Fixed Rate | E28: {=IFERROR(INDEX('Fare Schedule'!A2:D1342,MATCH(1,('Fare Schedule'!A2:A1342='Monthly Report'!E25)*('Fare Schedule'!B2:B1342='Monthly Report'!E26)*('Fare Schedule'!C2:C1342='Monthly Report'!E27),0),4),0)} -> 0 | I28: Part-Time | J28: Riders | K28: Employer | L28: OrcaNumber | M28: Column1 | N28: Leaving Rider | O28: Monthly Fare | P28: UPASS | Q28: Pass | R28: Voucher | S28: Online Pymt | T28: Personal Ck
C31: =VLOOKUP(E9,Table1[#All],6,FALSE) -> Revenue for September
C33: Enter the fixed rate and any late fees, bank charges or
C34: adjustments.
F35: Office Use
C36: Fixed Rate: | E36: =E28 -> 0
C37: Vanpool Pass: | E37: =Q49 -> 0
C38: Vouchers: | E38: =R49 -> 0
C39: + Excess Mile Charges: | E39: =MAX(K18* IF(E9="September 2026", 0.6, 0.67), 0) -> 0
C40: + Late Fee:
C41: +/- Monthly Report Adjustment:
C43: ORCA or UPASS: | E43: =P49 -> 0
C44: Online Payment: | E44: =S49 -> 0
C45: Personal Check: | E45: =T49 -> 0
B46: Other:
C47: Balance Due: | E47: =E36-E37-E38+E39+E40+E41-E43-E44-E45-E46 -> 0
C49: Amounts shown are estimated until payments are received. Any balance due can be paid online or via check. Voucher overages are written-off and cannot be credited. | I49: Rider Count: | K49: =COUNTIF(Table6[Riders],"*") -> 0 | N49: Subtotal: | O49: =SUM(Table6[Monthly Fare]) -> 0 | P49: =SUM(Table6[UPASS]) -> 0 | Q49: =SUM(Table6[Pass]) -> 0 | R49: =SUM(Table6[Voucher]) -> 0 | S49: =SUM(Table6[Online Pymt]) -> 0 | T49: =SUM(Table6[Personal Ck]) -> 0
L50: =IF(AND(ISNUMBER(O49),O49=E36),"","ERROR. Fare subtotal does not match Fixed Rate of $"&E36&". Review and adjust fares as needed. A rider's fare may need to be adjusted by a few cents to balance.")
R51: Payment Total: | T51: =SUM(P49:T49) -> 0
B53: How to Pay | E53: Reports without checks could be emailed directly to your Accounting Rep. All reports are due by the 10th.* Late reports could incur a $25.00 late fee. * Request an extension or postage paid envelope from your Accounting Rep. | K53: Pay Online: | M53: Pay with Check: | R53: Address:
M55: ="Make check payable to King County Metro. Include your Group ID "&E11&" on the check and mail payment with a copy of the report to our office." -> Make check payable to King County Metro. Include your Group ID on the check and mail payment with a copy of the report to our office. | R55: Rideshare Operations
R56: KSC-TR-0812
R57: 201 S. Jackson St
R58: Seattle, WA 98104-0770
B59: v 8/2026

Sheet Fare Calculator
D3: Fare Calculator
D4: Enter the number of full-time and part-time riders, and the vanpool's fixed rate to calculate rider fares.
D7: Number of Full-Time riders
D8: Number of Part-Time riders
D9: Vanpool Fixed Rate
D11: Full-Time Rider Fare: | F11: =IF(F7=0,0,(F9/((F7+0.5*F8)))) -> 0
D12: Part-Time Rider Fare: | F12: =IF(F8=0,0,(F11/2)) -> 0
D14: Enter these fare amounts on your report, in section 5 (Rider Roster) under Monthly Fare (column O). You may need to adjust a rider's fare by a few cents in order to balance.
B21: This is your worksheet. Do not send a paper copy with your report.

Sheet FAQ and Forms
B2: Bookkeeping FAQ | T2: Forms
T4: Accounting Forms and Documents

Sheet Admin
A1: Month | B1: Column1 | C1: Column2 | D1: Column3 | E1: Column4 | F1: Column5 | G1: Column6 | H1: Column7 | I1: Column8 | J1: Column9
A2: September 2026 | B2: August 2026 | C2: August 2026 Trip Information and Mileage | D2: Revenue and Ridership for September 2026 | E2: Fixed Rate for September | F2: Revenue for September | G2: September 10th, 2026 | H2: Trip Information for August | I2: Van Mileage for August | J2: Rider Roster for September
A3: October 2026 | B3: September 2026 | C3: September 2026 Trip Information and Mileage | D3: Revenue and Ridership for October 2026 | E3: Fixed Rate for October | F3: Revenue for October | G3: October 10th, 2026 | H3: Trip Information for September | I3: Van Mileage for September | J3: Rider Roster for October
A4: November 2026 | B4: October 2026 | C4: October 2026 Trip Information and Mileage | D4: Revenue and Ridership for November 2026 | E4: Fixed Rate for November | F4: Revenue for November | G4: November 10th, 2026 | H4: Trip Information for October | I4: Van Mileage for October | J4: Rider Roster for November
A5: December 2026 | B5: November 2026 | C5: November 2026 Trip Information and Mileage | D5: Revenue and Ridership for December 2026 | E5: Fixed Rate for December | F5: Revenue for December | G5: December 10th, 2026 | H5: Trip Information for November | I5: Van Mileage for November | J5: Rider Roster for December
A6: January 2027 | B6: December 2026 | C6: December 2026 Trip Information and Mileage | D6: Revenue and Ridership for January 2027 | E6: Fixed Rate for January | F6: Revenue for January | G6: January 10th, 2027 | H6: Trip Information for December | I6: Van Mileage for December | J6: Rider Roster for January
A7: February 2027 | B7: January 2027 | C7: January 2027 Trip Information and Mileage | D7: Revenue and Ridership for February 2027 | E7: Fixed Rate for February | F7: Revenue for February | G7: February 10th, 2027 | H7: Trip Information for January | I7: Van Mileage for January | J7: Rider Roster for February
A8: March 2027 | B8: February 2027 | C8: February 2027 Trip Information and Mileage | D8: Revenue and Ridership for March 2027 | E8: Fixed Rate for March | F8: Revenue for March | G8: March 10th, 2027 | H8: Trip Information for February | I8: Van Mileage for February | J8: Rider Roster for March
A9: April 2027 | B9: March 2027 | C9: March 2027 Trip Information and Mileage | D9: Revenue and Ridership for April 2027 | E9: Fixed Rate for April | F9: Revenue for April | G9: April 10th, 2027 | H9: Trip Information for March | I9: Van Mileage for March | J9: Rider Roster for April
A10: May 2027 | B10: April 2027 | C10: April 2027 Trip Information and Mileage | D10: Revenue and Ridership for May 2027 | E10: Fixed Rate for May | F10: Revenue for May | G10: May 10th, 2027 | H10: Trip Information for April | I10: Van Mileage for April | J10: Rider Roster for May
A11: June 2027 | B11: May 2027 | C11: May 2027 Trip Information and Mileage | D11: Revenue and Ridership for June 2027 | E11: Fixed Rate for June | F11: Revenue for June | G11: June 10th, 2027 | H11: Trip Information for May | I11: Van Mileage for May | J11: Rider Roster for June
A12: July 2027 | B12: June 2027 | C12: June 2027 Trip Information and Mileage | D12: Revenue and Ridership for July 2027 | E12: Fixed Rate for July | F12: Revenue for July | G12: July 10th, 2027 | H12: Trip Information for June | I12: Van Mileage for June | J12: Rider Roster for July
... A30: January 2029 | B30: December 2028 | C30: December 2028 Trip Information and Mileage | D30: Revenue and Ridership for January 2029 | E30: Fixed Rate for January | F30: Revenue for January | G30: January 10th, 2029 | H30: Trip Information for December | I30: Van Mileage for December | J30: Rider Roster for January

Sheet RTM
A1: RTM for allowable miles | C1: RTM for Fare
A2: <select> | C2: <select>
A3: 0 | C3: Fold
A4: 5 | C4: Vanshare
A5: 6 | C5: 5
A6: 7 | C6: 10
A7: 8 | C7: 15
A8: 9 | C8: 20
A9: 10 | C9: 25
A10: 11 | C10: 30
A11: 12 | C11: 35
A12: 13 | C12: 40
A13: 14 | C13: 45
A14: 15 | C14: 50
A15: 16 | C15: 55
A16: 17 | C16: 60
... A54: 195 | C54: 250
A55: 200
A56: 205
A57: 210
A58: 215
A59: 220
A60: 225
A61: 230
A62: 235
A63: 240
A64: 245
A65: 250

Sheet Fare Schedule
A2: RTM | B2: Schedule | C2: Van Type | D2: Fare | E2: Daily Rate | G2: Schedule | I2: Van Type | K2: Days in week
A3: Vanshare | B3: 3-Day | C3: Leaf | D3: 224 | E3: n/a | G3: <select> | I3: <select> | K3: <select>
A4: 10 | B4: 3-Day | C4: Leaf | D4: 468 | E4: 36 | G4: 3-Day | I4: 7-Passenger | K4: 0
A5: 15 | B5: 3-Day | C5: Leaf | D5: 468 | E5: 36 | G5: 4-Day | I5: 12/15-Passenger | K5: 1
A6: 20 | B6: 3-Day | C6: Leaf | D6: 468 | E6: 36 | G6: 5-Day | I6: Leaf | K6: 2
A7: 25 | B7: 3-Day | C7: Leaf | D7: 488 | E7: 37.54 | G7: 6-Day | I7: 6-Passenger (ADA) | K7: 3
A8: 30 | B8: 3-Day | C8: Leaf | D8: 508 | E8: 39.08 | G8: 7-Day | K8: 4
A9: 35 | B9: 3-Day | C9: Leaf | D9: 530 | E9: 40.77 | G9: 9-80' | K9: 5
A10: 40 | B10: 3-Day | C10: Leaf | D10: 550 | E10: 42.31 | K10: 6
A11: 45 | B11: 3-Day | C11: Leaf | D11: 570 | E11: 43.85 | K11: 7
A12: 50 | B12: 3-Day | C12: Leaf | D12: 590 | E12: 45.38 | K12: 8
A13: 55 | B13: 3-Day | C13: Leaf | D13: 610 | E13: 46.92 | K13: 9
A14: 60 | B14: 3-Day | C14: Leaf | D14: 632 | E14: 48.62 | K14: 10
A15: 65 | B15: 3-Day | C15: Leaf | D15: 652 | E15: 50.15 | K15: 11
A16: 70 | B16: 3-Day | C16: Leaf | D16: 672 | E16: 51.69 | K16: 12
A17: 75 | B17: 3-Day | C17: Leaf | D17: 692 | E17: 53.23 | K17: 13
A18: 80 | B18: 3-Day | C18: Leaf | D18: 713 | E18: 54.85 | K18: 14
A19: 85 | B19: 3-Day | C19: Leaf | D19: 734 | E19: 56.46 | K19: 15
A20: 90 | B20: 3-Day | C20: Leaf | D20: 754 | E20: 58 | K20: 16
A21: 95 | B21: 3-Day | C21: Leaf | D21: 774 | E21: 59.54 | K21: 17
... A35: 165 | B35: 3-Day | C35: Leaf | D35: 1060 | E35: 81.54 | K35: 31
A36: 170 | B36: 3-Day | C36: Leaf | D36: 1080 | E36: 83.08
A37: 175 | B37: 3-Day | C37: Leaf | D37: 1101 | E37: 84.69
A38: 180 | B38: 3-Day | C38: Leaf | D38: 1121 | E38: 86.23
A39: 185 | B39: 3-Day | C39: Leaf | D39: 1141 | E39: 87.77
A40: 190 | B40: 3-Day | C40: Leaf | D40: 1161 | E40: 89.31
A41: 195 | B41: 3-Day | C41: Leaf | D41: 1183 | E41: 91
A42: 200 | B42: 3-Day | C42: Leaf | D42: 1203 | E42: 92.54
A43: 205 | B43: 3-Day | C43: Leaf | D43: 1223 | E43: 94.08
A44: 210 | B44: 3-Day | C44: Leaf | D44: 1243 | E44: 95.62
A45: 215 | B45: 3-Day | C45: Leaf | D45: 1263 | E45: 97.15
A46: 220 | B46: 3-Day | C46: Leaf | D46: 1285 | E46: 98.85
A47: 225 | B47: 3-Day | C47: Leaf | D47: 1305 | E47: 100.38
... A84: 410 | B84: 3-Day | C84: Leaf | D84: 2060 | E84: 158.46
A85: Vanshare | B85: 3-Day | C85: 7-Passenger | D85: 224 | E85: n/a
A86: 10 | B86: 3-Day | C86: 7-Passenger | D86: 468 | E86: 36
A87: 15 | B87: 3-Day | C87: 7-Passenger | D87: 468 | E87: 36
A88: 20 | B88: 3-Day | C88: 7-Passenger | D88: 468 | E88: 36
A89: 25 | B89: 3-Day | C89: 7-Passenger | D89: 502 | E89: 38.62
A90: 30 | B90: 3-Day | C90: 7-Passenger | D90: 535 | E90: 41.15
A91: 35 | B91: 3-Day | C91: 7-Passenger | D91: 568 | E91: 43.69
A92: 40 | B92: 3-Day | C92: 7-Passenger | D92: 601 | E92: 46.23
A93: 45 | B93: 3-Day | C93: 7-Passenger | D93: 634 | E93: 48.77
A94: 50 | B94: 3-Day | C94: 7-Passenger | D94: 668 | E94: 51.38
A95: 55 | B95: 3-Day | C95: 7-Passenger | D95: 701 | E95: 53.92
A96: 60 | B96: 3-Day | C96: 7-Passenger | D96: 734 | E96: 56.46
A97: 65 | B97: 3-Day | C97: 7-Passenger | D97: 767 | E97: 59
... A166: 410 | B166: 3-Day | C166: 7-Passenger | D166: 3054 | E166: 234.92
A167: Vanshare | B167: 3-Day | C167: 12/15-Passenger | D167: 224 | E167: n/a
A168: 10 | B168: 3-Day | C168: 12/15-Passenger | D168: 597 | E168: 45.92
A169: 15 | B169: 3-Day | C169: 12/15-Passenger | D169: 597 | E169: 45.92
A170: 20 | B170: 3-Day | C170: 12/15-Passenger | D170: 597 | E170: 45.92
A171: 25 | B171: 3-Day | C171: 12/15-Passenger | D171: 634 | E171: 48.77
A172: 30 | B172: 3-Day | C172: 12/15-Passenger | D172: 671 | E172: 51.62
A173: 35 | B173: 3-Day | C173: 12/15-Passenger | D173: 708 | E173: 54.46
A174: 40 | B174: 3-Day | C174: 12/15-Passenger | D174: 746 | E174: 57.38
A175: 45 | B175: 3-Day | C175: 12/15-Passenger | D175: 783 | E175: 60.23
A176: 50 | B176: 3-Day | C176: 12/15-Passenger | D176: 820 | E176: 63.08
A177: 55 | B177: 3-Day | C177: 12/15-Passenger | D177: 857 | E177: 65.92
A178: 60 | B178: 3-Day | C178: 12/15-Passenger | D178: 894 | E178: 68.77
A179: 65 | B179: 3-Day | C179: 12/15-Passenger | D179: 932 | E179: 71.69
... A248: 410 | B248: 3-Day | C248: 12/15-Passenger | D248: 3497 | E248: 269
A249: Vanshare | B249: 3-Day | C249: 6-Passenger (ADA) | D249: 224 | E249: n/a
A250: 10 | B250: 3-Day | C250: 6-Passenger (ADA) | D250: 239 | E250: 18.38
A251: 15 | B251: 3-Day | C251: 6-Passenger (ADA) | D251: 239 | E251: 18.38
A252: 20 | B252: 3-Day | C252: 6-Passenger (ADA) | D252: 239 | E252: 18.38
A253: 25 | B253: 3-Day | C253: 6-Passenger (ADA) | D253: 253 | E253: 19.46
A254: 30 | B254: 3-Day | C254: 6-Passenger (ADA) | D254: 269 | E254: 20.69
A255: 35 | B255: 3-Day | C255: 6-Passenger (ADA) | D255: 283 | E255: 21.77
A256: 40 | B256: 3-Day | C256: 6-Passenger (ADA) | D256: 298 | E256: 22.92
A257: 45 | B257: 3-Day | C257: 6-Passenger (ADA) | D257: 314 | E257: 24.15
A258: 50 | B258: 3-Day | C258: 6-Passenger (ADA) | D258: 328 | E258: 25.23
A259: 55 | B259: 3-Day | C259: 6-Passenger (ADA) | D259: 343 | E259: 26.38
A260: 60 | B260: 3-Day | C260: 6-Passenger (ADA) | D260: 357 | E260: 27.46
A261: 65 | B261: 3-Day | C261: 6-Passenger (ADA) | D261: 373 | E261: 28.69
... A330: 410 | B330: 3-Day | C330: 6-Passenger (ADA) | D330: 1399 | E330: 107.62
A331: Vanshare | B331: 5-Day | C331: Leaf | D331: 224 | E331: n/a
A332: 5 | B332: 5-Day | C332: Leaf | D332: 519 | E332: 24.71
A333: 10 | B333: 5-Day | C333: Leaf | D333: 519 | E333: 24.71
A334: 15 | B334: 5-Day | C334: Leaf | D334: 519 | E334: 24.71
A335: 20 | B335: 5-Day | C335: Leaf | D335: 519 | E335: 24.71
A336: 25 | B336: 5-Day | C336: Leaf | D336: 551 | E336: 26.24
A337: 30 | B337: 5-Day | C337: Leaf | D337: 585 | E337: 27.86
A338: 35 | B338: 5-Day | C338: Leaf | D338: 617 | E338: 29.38
A339: 40 | B339: 5-Day | C339: Leaf | D339: 650 | E339: 30.95
A340: 45 | B340: 5-Day | C340: Leaf | D340: 683 | E340: 32.52
A341: 50 | B341: 5-Day | C341: Leaf | D341: 716 | E341: 34.1
A342: 55 | B342: 5-Day | C342: Leaf | D342: 749 | E342: 35.67
A343: 60 | B343: 5-Day | C343: Leaf | D343: 782 | E343: 37.24
... A382: 255 | B382: 5-Day | C382: Leaf | D382: 2068 | E382: 98.48
A383: Vanshare | B383: 5-Day | C383: 7-Passenger | D383: 224 | E383: n/a
A384: 5 | B384: 5-Day | C384: 7-Passenger | D384: 550 | E384: 26.19
A385: 10 | B385: 5-Day | C385: 7-Passenger | D385: 550 | E385: 26.19
A386: 15 | B386: 5-Day | C386: 7-Passenger | D386: 550 | E386: 26.19
A387: 20 | B387: 5-Day | C387: 7-Passenger | D387: 550 | E387: 26.19
A388: 25 | B388: 5-Day | C388: 7-Passenger | D388: 604 | E388: 28.76
A389: 30 | B389: 5-Day | C389: 7-Passenger | D389: 657 | E389: 31.29
A390: 35 | B390: 5-Day | C390: 7-Passenger | D390: 711 | E390: 33.86
A391: 40 | B391: 5-Day | C391: 7-Passenger | D391: 764 | E391: 36.38
A392: 45 | B392: 5-Day | C392: 7-Passenger | D392: 818 | E392: 38.95
...
